 Dungeon Crawl Stone Soup version 0.30-b1-2-g02819fbbbe (webtiles) character file.

Game seed: 11117009586495445996

82 redmage the Digger (level 5, -2/38 HPs)
             Began as a Meteoran Earth Elementalist on July 26, 2023.
             Splashed by a jelly's acid (9 damage)
             ... on level 5 of the Dungeon.
             The game lasted 00:05:48 (334 turns).

redmage the Digger (Meteoran Earth Elementalist)     Turns: 334, Time: 00:05:49

Health: -2/38      AC:  5    Str: 10    XL:     5   Next: 1%
Magic:  1/11       EV: 12    Int: 18    God:
Gold:   17         SH:  0    Dex: 14    Spells: 5/11 levels left

rFire   + . .        g - +1 dagger (drain)
rCold   + . .        (no shield)
rNeg    . . .        i - +2 robe {rC+ rF+}
rPois   .            (no helmet)
rElec   .            j - +0 cloak
rCorr   .            (no gloves)
SInv    .            (no boots)
Will    .....        (no amulet)
Stlth   +            (no ring)
HPRegen 0.26/turn    (no ring)
MPRegen 0.12/turn

%: no passive effects
@: very slightly contaminated, glowing
A: sense surroundings 1, otherworldly, glowing, explore regen
a: no special abilities


You were on level 5 of the Dungeon.
You visited 1 branch of the dungeon, and saw 5 of its levels.

You collected 17 gold pieces.

Inventory:

Hand Weapons
 g - a +1 dagger of draining (weapon)
Armour
 i - a +2 robe of resistance (worn)
 j - a +0 cloak (worn)
Wands
 l - a wand of charming (14)
Scrolls
 d - 2 scrolls of teleportation {unknown}
 e - a scroll of identify {unknown}
 h - a scroll of torment {unknown}
 m - a scroll of noise {unknown}
Potions
 b - a potion of magic
 c - a potion of brilliance {unknown}
 f - a potion of resistance {unknown}
 k - 2 potions of degeneration {unknown}


   Skills:
 - Level 2.4 Dodging
 - Level 1.4 Stealth
 - Level 3.5 Spellcasting
 * Level 0.8 Conjurations
 - Level 2.5 Transmutations
 * Level 5.0 Earth Magic


You had 5 spell levels left.
You knew the following spells:

 Your Spells              Type           Power      Damage    Failure   Level
a - Sandblast             Erth           42%        2d11      1%          1
b - Passwall              Tmut/Erth      13%        N/A       4%          2
c - Stone Arrow           Conj/Erth      26%        3d8       14%         3

Your spell library contained the following spells:

 Spells                   Type           Power      Damage    Failure   Level
 Petrify                  Tmut/Erth      16%        N/A       32%         4


Dungeon Overview and Level Annotations

Branches:
Dungeon (5/15) Zot: 2641
 Temple: D:4-7

Altars:


Innate Abilities, Weirdness & Mutations

You passively map a small area around you.
You are easily found by Zot.
You glow in the dark.
You regain HP and MP as you explore.


Message History

You miscast Stone Arrow.
You are very lightly contaminated with residual magic.
Nothing appears to happen.
Unknown command.
Casting: Stone Arrow (quite dangerous; 14% risk of failure)
Confirm with . or Enter, or press ? or * to list all spells.
The spell is quite dangerous to miscast (14% risk of failure)!
Continue anyway?
Aiming: Stone Arrow (quite dangerous; 14% risk of failure)
Press: ? - help, Shift-Dir - straight line, f/p - ogre
Aim: an ogre, wielding a +0 giant club (moderately wounded, 85% to hit)
The stone arrow hits the ogre!
The ogre is severely wounded.
Unknown command.
Casting: Stone Arrow (quite dangerous; 14% risk of failure)
Confirm with . or Enter, or press ? or * to list all spells.
Aiming: Sandblast (safe; 1% risk of failure)
Press: ? - help, Shift-Dir - straight line, f/p - ogre
Aim: an ogre, wielding a +0 giant club (severely wounded, 92% to hit)
Okay, then.
Casting: Sandblast (safe; 1% risk of failure)
Confirm with . or Enter, or press ? or * to list all spells.
The spell is quite dangerous to miscast (14% risk of failure)!
Continue anyway?
Aiming: Stone Arrow (quite dangerous; 14% risk of failure)
Press: ? - help, Shift-Dir - straight line, f/p - ogre
Aim: an ogre, wielding a +0 giant club (severely wounded, 85% to hit)
The stone arrow misses the ogre.
The jelly completely misses you.
The ogre hits you with a +0 giant club!!
Ouch! That really hurt!
* * * LOW HITPOINT WARNING * * *
Casting: Stone Arrow (quite dangerous; 14% risk of failure)
Confirm with . or Enter, or press ? or * to list all spells.
Aiming: Sandblast (safe; 1% risk of failure)
Press: ? - help, Shift-Dir - straight line, f/p - ogre
Aim: an ogre, wielding a +0 giant club (severely wounded, 92% to hit)
The blast of sand hits the ogre!
You kill the ogre!
The jelly hits you.
* * * LOW HITPOINT WARNING * * *
You are splashed with acid!
You die...

#.* #.# * #.# ..
, * #.#* .#** .
* #.# *.## .. ,*
#.# #..#...
#####>###.......
#....).........#
* #.###@J.#...##
* ##.....#.##
#.....<..# ,
*#..........# ,,
...........# *
##)##.....#.# #.
#.....##..,, * #
###.#.# ## ,
.###. , * ,


You could see a jelly.

Vanquished Creatures
  An ogre (D:5)
  Jessica (D:2)
  A gnoll (D:2)
  2 adders
  A worm (D:2)
  2 hobgoblins (D:2)
  A jackal (D:2)
  4 quokkas
  2 ball pythons
  A bat (D:1)
  3 frilled lizards
  4 goblins
  2 kobolds
  4 rats
29 creatures vanquished.

Notes
Turn   | Place    | Note
-------+----------+-------------------------------------------
     0 | D:1      | redmage the Meteoran Earth Elementalist began the quest for
                  | the Orb.
     0 | D:1      | Reached XP level 1. HP: 14/14 MP: 5/5
    60 | D:1      | Reached XP level 2. HP: 5/20 MP: 0/6
   112 | D:2      | Reached skill level 4 in Earth Magic
   121 | D:2      | Reached XP level 3. HP: 10/26 MP: 0/8
   153 | D:2      | Noticed Jessica
   156 | D:2      | Killed Jessica
   157 | D:2      | Reached XP level 4. HP: 33/33 MP: 6/10
   230 | D:2      | Learned a level 2 spell: Passwall
   234 | D:2      | Learned a level 3 spell: Stone Arrow
   306 | D:4      | Reached skill level 5 in Earth Magic
   313 | D:4      | Reached XP level 5. HP: 35/38 MP: 5/11
   324 | D:5      | Entered Level 5 of the Dungeon
   327 | D:5      | Noticed an ogre
   334 | D:5      | Killed an ogre
   334 | D:5      | Splashed by a jelly's acid

Illustrated notes

Levels and vault maps discovered:
D:1:      dpeg_arrival_ratfight, layout_loops_ring
D:2:      layout_basic, minmay_pentomino_pile, uniq_jessica
D:3:      layout_rooms, basic_ecumenical_altar, uniq_sigmund
D:4:      layout_loops_ring, serial_co_window_serial,
          co_window_of_opportunity_a, co_window_corner_a, co_window_paths_b,
          co_window_paths_a, co_window_corner_a, co_window_paths_a,
          co_window_paths_b, co_window_corner_a, co_window_paths_a,
          co_window_corner_b, co_window_unsneaky_path_a, co_window_broadway_b,
          co_window_paths_c, co_window_of_opportunity_b, co_window_corner_b,
          glass_columns_a, uniq_eustachio
D:5:      layout_loops_ring, gammafunk_temple_overflow_elements,
          gup_sewer_entry_pipe

Skill      XL: |  1  2  3  4 |
---------------+-------------+-----
Earth Magic    | 4 5 |  5.0
Spellcasting   | 3 |  3.5
Transmutations | 2 |  2.5
Dodging        | |  2.4
Stealth        | |  1.4
Conjurations   | |  0.8

Action                     |  1- 3 |  4- 6 || total
---------------------------+-------+-------++-------
   Cast: Sandblast         |    19 |    30 ||    49
         Stone Arrow       |       |     2 ||     2
    Use: Scroll            |       |     1 ||     1
 Armour: Robe              |     3 |     2 ||     5
  Dodge: Dodged            |    12 |     8 ||    20
